[Event "BL 2017-18"]
[Site "Germany"]
[Date "2018.03.10"]
[Round "11"]
[White "Farmani Anosheh, Armin"]
[Black "Grigorian, Spartak"]
[Result "1/2-1/2"]
[ECO "E55"]
[WhiteElo "2325"]
[BlackElo "2354"]
[Annotator "NA"]
[PlyCount "62"]
[EventDate "2018.05.24"]
[EventType "team-tourn"]
[EventCountry "GER"]
[SourceTitle "playchess.com"]
[Source "ChessBase"]
[SourceQuality "1"]
[WhiteTeam "Speyer"]
[BlackTeam "Werder Bremen"]
[TimeControl "40/6000+30:3000+30"]

1. d4 Nf6 2. c4 e6 3. Nc3 Bb4 4. e3 O-O 5. Bd3 d5 6. Nf3 c5 7. O-O dxc4 8. Bxc4 Nbd7 9. a3 cxd4 10. Qxd4 Bc5 11. Qd1 b6 12. b4 Be7 13. Bb2 Bb7 14. Qb3 Qb8 15. h3 Bxf3 16. gxf3 Qb7 17. f4 Rfd8 18. Rfd1 Rac8 19. Bf1 Qf3 20. Bg2 Qh5 21. Rd2 Nf8 22. Rad1 Ng6 23. Rxd8+ Bxd8 24. Rd3 Nh4 25. Qd1 Qxd1+ 26. Rxd1 Nxg2 27. Kxg2 Be7 28. Kf3 Kf8 29. Rd4 Ke8 30. Ke2 Nd7 31. Rd2 g6 1/2-1/2